 Dungeon Crawl Stone Soup version 0.22-a0-398-g8bb545f (webtiles) character file.

49 seerdeer the Gusty (level 3, -1/19 HPs)
             Began as a Tengu Air Elementalist on May 5, 2018.
             Slain by an adder (5 damage)
             ... on level 2 of the Dungeon.
             The game lasted 00:11:59 (1215 turns).

seerdeer the Gusty (Tengu Air Elementalist)         Turns: 1215, Time: 00:11:59

Health: -1/19      AC:  4    Str:  6 (8)  XL:     3   Next: 77%
Magic:  6/7        EV: 12    Int: 14 (16) God:
Gold:   71         SH:  0    Dex: 11 (14) Spells: 5/6 levels left

rFire    . . .     SeeInvis .   f - +0 spear (curse)
rCold    . . .     Gourm    .   (no shield)
rNeg     . . .     Faith    .   j - +0 leather armour
rPois    .         Spirit   .   (helmet restricted)
rElec    .         Reflect  .   (no cloak)
rCorr    .         Harm     .   n - +0 pair of gloves
MR       .....                  (boots unavailable)
Stlth    ++........             (no amulet)
HPRegen  0.06/turn              (no ring)
MPRegen  0.10/turn              (no ring)

@: lethally poisoned (-1 -> -4), very slightly contaminated
A: beak, talons 3
a: no special abilities


You were on level 2 of the Dungeon.
You were not hungry.

You visited 1 branch of the dungeon, and saw 2 of its levels.

You collected 71 gold pieces.

Inventory:

Hand Weapons
 d - a +0 dagger
 e - a +0 dagger
 f - a cursed +0 spear (weapon)
 g - a +0 mace
 i - a +0 mace
 o - a +0 dagger
Missiles
 h - 72 stones (quivered)
Armour
 a - a +0 robe
 b - a +0 pair of gloves
 j - a +0 leather armour (worn)
 k - a +0 scale mail
 m - a +0 ring mail
 n - a +0 pair of gloves (worn)
Scrolls
 l - a scroll of teleportation


   Skills:
 + Level 2.8 Dodging
 + Level 2.2 Stealth
 + Level 2.2 Spellcasting
 + Level 1.8 Conjurations
 + Level 5.1 Air Magic


You had 5 spell levels left.
You knew the following spells:

 Your Spells              Type           Power        Failure   Level  Hunger
a - Shock                 Conj/Air       ##..         9%          1    #......


Dungeon Overview and Level Annotations

Branches:
Dungeon (2/15)

Altars:
Ru
Xom


Innate Abilities, Weirdness & Mutations

You have a beak for a mouth.
You have claws for feet.


Message History

You hit the adder. Your kick misses the adder. Your peck misses the adder.
The adder is lightly wounded.
The adder bites you. x2
You are poisoned.
The adder poisons you!
You miss the adder. Your kick misses the adder.
The adder is lightly wounded.
You feel sick. The adder bites you.
* * * LOW HITPOINT WARNING * * *
You barely miss the adder.
The adder is lightly wounded.
The adder closely misses you. The adder barely misses you.
You closely miss the adder. Your peck misses the adder.
The adder is lightly wounded.
You feel sick. The adder bites you.
* * * LOW HITPOINT WARNING * * *
You hit the adder but do no damage. Your kick misses the adder.
The adder is lightly wounded.
The adder bites you.
You die...

##### #... #
########.###.# #
####.........@S.#
#
##.##.######.##..#
###...#.# #.# ..#
.....(..# #.# ..#
###...### #.. ..#
##.## ##. ... #.#
.###.# #.# .# .#
##'## #.###


You could see an adder.

Vanquished Creatures
  An adder (D:2)
  A worm (D:2)
  A dart slug (D:1)
  2 leopard geckos (D:2)
  2 ball pythons
  6 goblins
  2 hobgoblins
  2 jackals (D:1)
  7 bats
  4 frilled lizards (D:1)
  3 rats
31 creatures vanquished.

Notes
Turn   | Place    | Note
-------+----------+-------------------------------------------
     0 | D:1      | seerdeer the Tengu Air Elementalist began the quest for the Orb.
     0 | D:1      | Reached XP level 1. HP: 10/10 MP: 4/4
   111 | D:1      | Reached XP level 2. HP: 7/15 MP: 3/6
   683 | D:2      | Found a sacrificial altar of Ru.
   712 | D:2      | Reached XP level 3. HP: 19/19 MP: 2/7
   796 | D:2      | Found a shimmering altar of Xom.
   983 | D:2      | Reached skill level 5 in Air Magic
  1215 | D:2      | Slain by an adder

Vault maps used:
D:1:      mushboom_english_gardens, kennysheep_boxes
D:2:      lemuel_coloured_pillars_altar, overflow_temple_1_default

Skill      XL: |  1  2  3 |
---------------+----------+-----
Air Magic      | 5 |  5.1
Dodging        | |  2.8
Stealth        | |  2.2
Spellcasting   | |  2.2
Conjurations   | |  1.8

Action                   || total
-------------------------++-------
Melee: Dagger            ||     6
       Kick              ||     1
       Peck              ||     1
       Spear             ||     9
 Cast: Shock             ||    56
  Use: Scroll            ||     4
       Potion            ||     3
  Eat: Ration            ||     1
       Chunk             ||     1
Armor: Robe              ||     2
       Leather armour    ||     1
Dodge: Dodged            ||     7

Table legend:
 A = Spawn XP
 B = Non-spawn XP
 C = Spawn XP percentage of total XP
 D = Spawn monster count
 E = Non-spawn monster count
 F = Spawn count percentage of total count
 G = Total turns spent on level
                    A         B        C        D         E        F      G
               +---------+---------+-------+---------+---------+-------+---------
         Total |       0 |      71 |   0.0 |       0 |      31 |   0.0 |  1215
               +---------+---------+-------+---------+---------+-------+---------
           D:1 |       0 |      30 |   0.0 |       0 |      18 |   0.0 |   599
           D:2 |       0 |      41 |   0.0 |       0 |      13 |   0.0 |   616
               +---------+---------+-------+---------+---------+-------+---------
